 Dungeon Crawl Stone Soup version 0.26-a0-712-ga5a9c9c9d0 (webtiles) character file.

Game seed: 9586573523770267858

1563 kae the Insei (level 8, -8/48 HPs)
             Began as an Octopode Transmuter on Nov 5, 2020.
             Was a Believer of Cheibriados.
             Mangled by an orc warrior
             ... wielding a +0 glaive
              (16 damage)
             ... on level 6 of the Dungeon.
             The game lasted 00:06:46 (8745 turns).

kae the Insei (Octopode Transmuter)                 Turns: 8745, Time: 00:06:46

Health: -8/48      AC:  2    Str: 16    XL:     8   Next: 89%
Magic:  9/11       EV: 20    Int: 19    God:    Cheibriados [**....]
Gold:   326        SH:  0    Dex: 23    Spells: 0/13 levels left

rFire    + . .     SeeInvis .     - Unarmed
rCold    x . .     Faith    .   (shield currently unavailable)
rNeg     . . .     Spirit   .   (helmet currently unavailable)
rPois    x         Reflect  .   b - amulet of regeneration
rElec    .         Harm     .   j - ring of protection from magic
rCorr    .         Rampage  .   o - ring of fire
MR       +....                  p - ring of attention (curse)
Stlth    +.........             (no ring)
HPRegen  0.56/turn              (no ring)
MPRegen  0.12/turn              (no ring)
                                (no ring)
                                (no ring)

@: spider-form, very slow
A: tiny, almost no armour, stealthy swim, (amphibious), 8 rings, (constrict 8),
agile 1, low mp 1
a: End Transformation, Bend Time, Renounce Religion


You were on level 6 of the Dungeon.
You worshipped Cheibriados.
Cheibriados was pleased with you.
You were a venomous arachnid creature.
You visited 2 branches of the dungeon, and saw 7 of its levels.

You collected 326 gold pieces.

Inventory:

Jewellery
 b - an amulet of regeneration (around neck)
 h - an uncursed amulet of guardian spirit {unknown}
 j - a ring of protection from magic (left front leg)
 n - an uncursed amulet of magic regeneration {unknown}
 o - a ring of fire (right front leg)
 p - a cursed ring of attention (on tentacle)
Wands
 a - a wand of paralysis (11)
 m - a wand of flame (34)
 q - a wand of iceblast (4)
Scrolls
 d - a scroll of fear
 f - 5 scrolls of remove curse
 k - a scroll of enchant weapon
 l - a scroll of amnesia {unknown}
 r - 2 scrolls of identify
 s - a scroll of fog {unknown}
Potions
 c - 4 potions of flight
 e - a potion of stabbing
 g - a potion of ambrosia
 i - a potion of brilliance


   Skills:
 - Level 1.0 Fighting
 - Level 2.0 Dodging
 * Level 7.6 Unarmed Combat
 - Level 3.0 Spellcasting
 * Level 7.3 Transmutations
 * Level 1.9 Ice Magic
 - Level 3.0 Poison Magic


You couldn't memorise any spells.
You knew the following spells:

 Your Spells              Type           Power        Failure   Level
a - Beastly Appendage     Tmut           ####..       4%          1
b - Spider Form           Tmut/Pois      ###.......   16%         3
c - Blade Hands           Tmut           ####......   41%         5
d - Ice Form              Ice/Tmut       ###.....     43%         4

Your spell library contained the following spells:

 Spells                   Type           Power        Failure   Level
 Wereblood                Tmut           ####....     5%          2


Dungeon Overview and Level Annotations

Branches:
Dungeon (6/15)             Temple (1/1) D:4

Altars:
Ashenzari
Cheibriados
Dithmenos
Elyvilon
Fedhas
Gozag
Hepliaklqana
Kikubaaqudgha
Makhleb
Nemelex Xobeh
Okawaru
Qazlal
Ru
Sif Muna
Trog
Uskayaw
Wu Jian
Xom
Yredelemnul
Zin
The Shining One

Annotations:
D:5 2 transporters, Yorgos's ghost, amateur DEIE


Innate Abilities, Weirdness & Mutations

You cannot wear most types of armour.
You are very stealthy in the water. (Stealth+)
((You are amphibious.))
You can wear up to eight rings at the same time.
((You can use your tentacles to constrict eight enemies at once.))
((Your skin changes colour to match your surroundings (Stealth+).))
((Your rubbery body absorbs attacks. (AC +1, EV +1)))
You are agile. (Dex +2)
Your magical capacity is low. (-10% MP)
((Your system is resistant to poisons. (rPois)))
((You are resistant to electric shocks. (rElec)))


Message History

The orc warrior is lightly wounded.
You bite the orc warrior!
The orc warrior is heavily wounded.
The orc warrior hits you with a +0 glaive!
* * * LOW HITPOINT WARNING * * *
You hit the orc warrior but do no damage.
The orc warrior is poisoned.
The orc warrior is heavily wounded.
The orc warrior completely misses you.
Okay, then.
You hit the orc warrior but do no damage.
The orc warrior looks as sick as possible!
The orc warrior is heavily wounded.
You barely miss the orc warrior.
The orc warrior is heavily wounded.
The orc warrior closely misses you.
You hit the orc warrior.
The orc warrior is severely wounded.
The orc warrior hits you with a +0 glaive!
You die...

#.########## #.#
#.####
#..........###.##
#.#
#####.###..##...##
#.# #.# #........#
#.# #.#
#.......######.#
#.#
#...#..........#
#.#
#......#########
#.# ##.###รท#
#.####.# #s#
#......# #o#
####### ########
#.# #.....# #.#
#.###.# #.# #.#
#.# #.# ####.###.#
#.# #........#
##.# #.##.##..#
###...##.##.##..#


You could see an orc warrior (extremely poisoned).

Vanquished Creatures
  Sigmund (D:6)
  A water moccasin (D:6)
  A sky beast (D:5)
  2 ogres (D:4)
  A phantom (D:6)
  2 bullfrogs (D:6)
  3 scorpions
  A howler monkey (D:5)
  Crazy Yiuf (D:5)
  3 orc priests
  An orc wizard (D:6)
  2 iguanas
  6 worker ants
  2 worker ant zombies
  2 gnolls (D:2)
  11 adders
  A howler monkey skeleton (D:5)
  A white imp (D:6)
  An ufetubus (D:5)
  3 oozes
  An adder skeleton (D:5)
  6 worms
  4 dart slugs
  5 leopard geckos
  7 orcs
  3 ball pythons
  10 bats
  2 giant cockroaches (D:3)
  8 goblins
  13 hobgoblins
  6 jackals
  2 quokkas
  9 frilled lizards
  A jackal skeleton (D:6)
  6 kobolds
  A quokka skeleton (D:4)
  12 rats
142 creatures vanquished.

Vanquished Creatures (others)
  19 plants
19 creatures vanquished.

Grand Total: 161 creatures vanquished

Notes
Turn   | Place    | Note
-------+----------+-------------------------------------------
     0 | D:1      | kae the Octopode Transmuter began the quest for the Orb.
     0 | D:1      | Reached XP level 1. HP: 13/13 MP: 3/3
   194 | D:1      | Reached XP level 2. HP: 14/18 MP: 3/5
   600 | D:1      | Reached XP level 3. HP: 23/23 MP: 4/6
   605 | D:1      | Learned a level 3 spell: Spider Form
  1109 | D:2      | Found an ancient bone altar of Kikubaaqudgha.
  1263 | D:2      | Reached skill level 1 in Poison Magic
  1732 | D:2      | Reached XP level 4. HP: 23/28 MP: 5/7
  2403 | D:2      | Reached XP level 5. HP: 25/33 MP: 5/8
  2405 | D:2      | Found an iron altar of Okawaru.
  2744 | D:3      | Found an iron altar of Okawaru.
  3015 | D:3      | Found a blossoming altar of Fedhas.
  3916 | D:3      | Found a burning altar of Makhleb.
  4038 | D:4      | Found a shadowy altar of Dithmenos.
  4087 | D:4      | Noticed an ogre
  4275 | D:4      | Reached XP level 6. HP: 26/38 MP: 7/10
  4447 | D:4      | Found a staircase to the Ecumenical Temple.
  4490 | D:4      | Found a blossoming altar of Fedhas.
  4490 | D:4      | Found a basalt altar of Yredelemnul.
  4511 | D:4      | Found a stormy altar of Qazlal.
  4781 | D:4      | Noticed a phantom
  5293 | D:5      | Entered Level 5 of the Dungeon
  5456 | D:5      | Noticed a moth of wrath
  5459 | D:5      | Found a bloodstained altar of Trog.
  5736 | D:5      | Noticed a sky beast
  5756 | D:5      | Found a transporter.
  5815 | D:4      | Reached skill level 5 in Unarmed Combat
  5815 | D:4      | Reached XP level 7. HP: 36/43 MP: 4/11
  5955 | Temple   | Entered the Ecumenical Temple
  6004 | Temple   | Became a worshipper of Cheibriados the Contemplative
  6186 | D:5      | Reached skill level 5 in Transmutations
  6407 | D:5      | HP: 2/43 [poisoned by an orc]
  6415 | D:5      | HP: 2/43 [poisoned by an orc]
  6818 | D:5      | Found a transporter.
  6836 | D:5      | Noticed Yorgos's ghost (amateur DEIE)
  7033 | D:5      | Found a runed translucent door.
  7034 | D:5      | Noticed Crazy Yiuf
  7424 | D:5      | Killed Crazy Yiuf
  7574 | D:6      | Reached XP level 8. HP: 28/48 MP: 9/12
  7617 | D:6      | Noticed Sigmund
  7626 | D:6      | Killed Sigmund
  7697 | D:6      | Reached * piety under Cheibriados
  8157 | D:6      | Learned a level 5 spell: Blade Hands
  8162 | D:6      | Learned a level 4 spell: Ice Form
  8185 | D:6      | Gained mutation: Your magical capacity is low. (-10% MP)
                  | [potion of mutation]
  8185 | D:6      | Gained mutation: You are agile. (Dex +2) [potion of
                  | mutation]
  8185 | D:6      | Gained mutation: Your system is resistant to poisons.
                  | (rPois) [potion of mutation]
  8185 | D:6      | Gained mutation: You are resistant to electric shocks.
                  | (rElec) [potion of mutation]
  8266 | D:6      | Reached skill level 1 in Ice Magic
  8270 | D:6      | Found a sparkling altar of Nemelex Xobeh.
  8594 | D:6      | Reached ** piety under Cheibriados
  8745 | D:6      | Mangled by an orc warrior

Illustrated notes

Levels and vault maps discovered:
D:1:      arrival_zaba_pyramid, layout_basic, serial_bayou_lagoon_b
D:2:      layout_loops_corners, marbit_many_paths, okawaru_altar_gauntlet_db
D:3:      layout_loops_ring, nicolae_overflow_crystal_walls,
          lemuel_coloured_pillars_altar, fedhas_altar_4
D:4:      layout_cave_pods, grunt_temple_overflow_open,
          overflow_temple_1_default, lemuel_crystal_altar,
          minmay_temple_entry_glass, serial_bayou_pond_e,
          minmay_fractal_squares_5
D:5:      layout_loops_ring, gammafunk_ghost_gnarly_gnolls,
          minmay_misc_feat_tower, st_stairs_8, tgw_trog, uniq_crazy_yiuf_cottage
D:6:      layout_loops_corners, old_standard_altar, uniq_sigmund
Temple:   cyrus_circular_temple

Skill      XL: |  1  2  3  4  5  6  7  8 |
---------------+-------------------------+-----
Poison Magic   | 1 2 3 |  3.0
Transmutations | 3 4 6 7 |  7.3
Unarmed Combat | 4 5 6 7 |  7.6
Spellcasting   | 3 |  3.0
Ice Magic      | 1 |  1.9
Fighting       | |  1.0
Dodging        | |  2.0

Action                   |  1- 3 |  4- 6 |  7- 9 || total
-------------------------+-------+-------+-------++-------
Melee: Unarmed           |    67 |   179 |   164 ||   410
       Constrict         |    15 |    32 |     8 ||    55
       Kick              |    14 |    26 |     7 ||    47
       Punch             |     3 |     2 |     2 ||     7
       Tentacles         |     4 |    25 |    15 ||    44
 Cast: Beastly Appendage |    18 |    32 |     6 ||    56
       Spider Form       |       |     6 |    22 ||    28
  Use: Scroll            |     5 |     7 |     1 ||    13
       Potion            |       |       |     8 ||     8
 Stab: Sleeping          |     2 |     8 |     2 ||    12
       Distracted        |       |     1 |       ||     1
Armor: Skin              |     4 |    15 |     6 ||    25
Dodge: Dodged            |    40 |   118 |   101 ||   259

Table legend: (Time is in decaauts)
 A = Elapsed time spent in this place.
 B = Non-inter-level travel time spent in this place.
 C = Inter-level travel time spent in this place.
 D = Time resting spent in this place.
 E = Time spent auto-exploring this place.
 F = Levels seen in this place.
 G = Mean time per level.
                   A        B        C        D        E       F      G
               +--------+--------+--------+--------+--------+-----+--------+
         Total |   9156 |   8817 |    339 |   1266 |   6297 |   7 | 1308.0 |
       Dungeon |   9088 |   8768 |    320 |   1266 |   6253 |   6 | 1514.7 |
        Temple |     68 |     50 |     18 |      0 |     44 |   1 |   68.0 |
               +--------+--------+--------+--------+--------+-----+--------+

Top non-repeatable levels by time:
     D:5: 2000 daAuts
     D:3: 1693 daAuts
     D:2: 1567 daAuts
     D:6: 1501 daAuts
     D:4: 1244 daAuts
     D:1: 1080 daAuts
  Temple: 68 daAuts
